 Dungeon Crawl Stone Soup version 0.30-a0-341-g682706514a (webtiles) character file.

Game seed: 2664233453019896031

3819 p00ps00p the Fighter (level 10, -4/103 HPs)
             Began as a Hill Orc Fighter on Nov 1, 2022.
             Was an Initiate of Gozag.
             Slain by a killer bee (8 damage)
             ... on level 6 of the Dungeon on Nov 2, 2022.
             The game lasted 00:35:26 (9649 turns).

p00ps00p the Fighter (Hill Orc Fighter)             Turns: 9649, Time: 00:35:27

Health: -4/103     AC: 11    Str: 29    XL:     10   Next: 17%
Magic:  10/10      EV: 10    Int:  8    God:    Gozag
Gold:   875        SH:  6    Dex: 14    Spells: 9/9 levels left

rFire   x . .      SeeInvis +    a - +1 war axe
rCold   + + +      Faith    .    c - +0 buckler
rNeg    + + +      Spirit   .    y - +1 scale mail {rC+}
rPois   +          Reflect  .    (helmet restricted)
rElec   +          Harm     .    e - scarf {rC+ rF+}
rCorr   .          Rampage  .    E - +1 pair of gloves
Will    .....                    (no boots)
Stlth   +.........               (no amulet)
HPRegen 0.37/turn                g - ring of Fun {Ice *Corrode rElec rN+++ Stlth+}
MPRegen 0.12/turn                b - ring "Tiamnurch" {rPois rF- Str+9 SInv}

@: brilliant, lethally poisoned (-4 -> -8), gold aura
A: horns 1, sturdy frame 1
a: Renounce Religion, Potion Petition, Call Merchant, Bribe Branch


You were on level 6 of the Dungeon.
You worshipped Gozag.
Gozag was pleased with you.
You visited 2 branches of the dungeon, and saw 8 of its levels.
You also visited: Sewer and Ossuary.

You collected 941 gold pieces.
You paid 66 gold pieces to Gozag.

Inventory:

Hand Weapons
 a - a +1 war axe (weapon)
 l - a +0 whip
Missiles
 d - 21 poisoned darts
 k - 53 stones (quivered)
 n - a curare-tipped dart
Armour
 c - a +0 buckler (worn)
 e - a scarf of resistance (worn)
 r - a +2 helmet
 y - a +1 scale mail of cold resistance (worn)
 E - a +1 pair of gloves (worn)
Jewellery
 b - the ring "Tiamnurch" (right hand) {rPois rF- Str+9 SInv}
   (You found it on level 5 of the Dungeon)

   [ring of see invisible]

   Str:       It affects your strength (+9).
   rF:        It makes you vulnerable to fire.
   rPois:     It protects you from poison.
   SInv:      It lets you see invisible.
 g - the ring of Fun (left hand) {Ice *Corrode rElec rN+++ Stlth+}
   (You found it on level 5 of the Dungeon)

   [ring of ice]

   It enhances your ice magic.
   rF:        It makes you vulnerable to fire.
   rC:        It protects you from cold.
   rElec:     It insulates you from electricity.
   rN:        It renders you almost immune to negative energy.
   *Corrode:  It may corrode you when you take damage.
   Stlth:     It makes you more stealthy.
 p - a ring of wizardry
 v - an amulet of guardian spirit
Potions
 f - a potion of resistance
 j - 4 potions of magic
 m - 4 potions of flight
 u - 3 potions of cancellation
 A - 2 potions of attraction


   Skills:
 - Level 14.0 Fighting
 - Level 5.0 Axes
 + Level 7.0 Armour
 + Level 7.0 Shields


You had 9 spell levels left.
You didn't know any spells.
Your spell library contained the following spells:

 Spells                   Type           Power      Damage    Failure   Level
 Blink                    Tloc           0%         N/A       77%         2
 Ensorcelled Hibernation  Hex/Ice        0%         N/A       77%         2
 Spider Form              Tmut/Pois      0%         N/A       94%         3
 Airstrike                Air            0%         2d(0-16)  100%        4
 Anguish                  Hex/Necr       0%         N/A       100%        4
 Manifold Assault         Tloc           0%         N/A       100%        4
 Summon Lightning Spire   Summ/Air       0%         N/A       100%        4
 Lightning Bolt           Conj/Air       0%         1d11      100%        5
 Storm Form               Tmut/Air       0%         N/A       100%        7
 Maxwell's Capacitive Co  Air            0%         ∞         100%        8


Dungeon Overview and Level Annotations

Branches:
Dungeon (7/15)             Temple (1/1) D:4           Sewer (visited)
Ossuary (visited)

Altars:
Ashenzari
Elyvilon
Fedhas
Gozag
Hepliaklqana
Makhleb
Okawaru
Sif Muna
Trog
Uskayaw
Vehumet
Wu Jian
Xom
Yredelemnul
The Shining One
Beogh

Shops:
D:7 :

Annotations:
D:4 3 runed translucent doors, Lobster4's ghost, novice HuWn
D:5 5 runed translucent doors, p00ps00p's ghost, novice HOFi


Innate Abilities, Weirdness & Mutations

You have a pair of small horns on your head.
Your movements are slightly less encumbered by armour. (ER -2)


Message History

You block the killer bee's attack.
The killer bee stings you but does no damage. x2
Okay, then.
It was a potion of mutation.
You feel extremely strange. A pair of horns grows on your head!
Your +2 helmet falls away!
You feel less encumbered by your armour.
The killer bee completely misses you. The killer bee closely misses you.
The killer bee stings you but does no damage.
The boulder beetle bites you.
* * * LOW HITPOINT WARNING * * *
The killer bee stings you.
* * * LOW HITPOINT WARNING * * *
The killer bee stings you but does no damage.
The killer bee closely misses you.
You slash the killer bee!
You kill the killer bee!
You miss the killer bee.
You hit the boulder beetle but do no damage.
You hit the killer bee.
The killer bee stings you but does no damage.
The killer bee closely misses you. The boulder beetle bites you!
* * * LOW HITPOINT WARNING * * *
The killer bee barely misses you. You block the killer bee's attack.
Your Armour skill increases to level 7!
Your Shields skill increases to level 7!
The killer bee stings you.
* * * LOW HITPOINT WARNING * * *
You block the killer bee's attack.
You see here 7 gold pieces.
Okay, then.
You aren't carrying any scrolls.
The killer bee stings you!
* * * LOW HITPOINT WARNING * * *
You are lethally poisoned!
The killer bee poisons you!
The killer bee attacks as you move away!
The killer bee stings you!
You die...
Your body crumbles into a pile of gold.

#.#.#.#.# #
######.#.bb#.#######
#....B.#####.b.b..##
#..bb.b#####.....b..
#.####b#...#.#######
#....#.# ###.# #
###..#.. #...# #
#..#########
#@..#.#...#
#yy.#...###
##B....### #.....##
#.....# #.....# ####
#.....# .... ##'####
##.. #[# ....


You could see a boulder beetle and 2 killer bees.

Vanquished Creatures
  A troll (D:5)
  Grinder (D:4)
  A yak (D:5)
  A wraith (Ossuary)
  Edmund (D:6)
  An acid dragon (D:5)
  Duvessa (D:4)
  2 black bears
  2 ogres (D:5)
  A phantom (D:4)
  A bullfrog (D:6)
  5 kobold brigands (Sewer)
  4 scorpions
  A gnoll sergeant (D:5)
  3 wights (D:7)
  Dowan (D:4)
  5 killer bees
  2 howler monkeys (D:3)
  2 jellies (D:5)
  Crazy Yiuf (D:3)
  4 orc priests
  2 hounds
  A gnoll bouda (D:3)
  Natasha (thrice) (D:4)
  5 iguanas (D:5)
  6 orc wizards
  A mummy (Ossuary)
  16 gnolls
  12 adders
  2 river rats (D:3)
  A white imp (D:5)
  An ufetubus (D:6)
  8 worms
  2 dart slugs
  31 orcs
  13 ball pythons
  9 bats
  7 endoplasms
  6 giant cockroaches
  8 hobgoblins
  25 jackals
  14 kobolds
  5 quokkas
  3 frilled lizards
  8 gnoll skeletons (Ossuary)
  9 goblins
  8 kobold skeletons (Ossuary)
  9 orc skeletons (Ossuary)
  5 rats
261 creatures vanquished.

Vanquished Creatures (others)
  4 plants (D:3)
4 creatures vanquished.

Grand Total: 265 creatures vanquished

Notes
Turn   | Place    | Note
-------+----------+-------------------------------------------
     0 | D:1      | p00ps00p the Hill Orc Fighter began the quest for the Orb.
     0 | D:1      | Reached XP level 1. HP: 19/19 MP: 1/1
   111 | D:1      | Reached XP level 2. HP: 27/27 MP: 2/2
   187 | D:1      | Found a faded altar of an unknown god.
   563 | D:1      | Reached skill level 4 in Fighting
   772 | D:1      | Reached XP level 3. HP: 32/33 MP: 3/3
   879 | D:2      | Identified the +1 ring mail of Hoonutowk {-Cast rC+ Str+3
                  | Slay-4}
  1115 | D:2      | Reached XP level 4. HP: 36/40 MP: 4/4
  2001 | D:3      | Noticed a scorpion
  2005 | D:3      | Killed a scorpion
  2006 | D:3      | Reached XP level 5. HP: 42/47 MP: 5/5
  2048 | D:3      | Found a glowing drain.
  2078 | Sewer    | Entered a sewer
  2245 | Sewer    | Noticed a kobold brigand
  2257 | Sewer    | Killed a kobold brigand
  2258 | Sewer    | Reached skill level 5 in Fighting
  2258 | Sewer    | Reached XP level 6. HP: 56/56 MP: 6/6
  2327 | Sewer    | Reached skill level 5 in Axes
  2617 | Sewer    | Reached skill level 6 in Fighting
  2617 | Sewer    | Reached skill level 5 in Armour
  2617 | Sewer    | Reached skill level 5 in Shields
  2617 | Sewer    | Reached XP level 7. HP: 57/63 MP: 7/7
  2950 | Sewer    | Reached skill level 7 in Fighting
  3166 | D:3      | Found a runed translucent door.
  3167 | D:3      | Noticed Crazy Yiuf
  3869 | D:3      | Reached skill level 8 in Fighting
  4275 | D:3      | Reached XP level 8. HP: 72/75 MP: 8/8
  4329 | D:3      | Reached skill level 9 in Fighting
  4781 | D:3      | Killed Crazy Yiuf
  4811 | D:4      | Noticed Grinder
  4925 | D:4      | Paralysed by Grinder for 5 turns
  4941 | D:4      | Paralysed by Grinder for 4 turns
  4950 | D:4      | Killed Grinder
  4951 | D:4      | Reached skill level 10 in Fighting
  5037 | D:4      | Found a staircase to the Ecumenical Temple.
  5051 | Temple   | Entered the Ecumenical Temple
  5227 | Temple   | Became a worshipper of Gozag Ym Sagoz the Greedy
  5550 | D:4      | Found a burning altar of Makhleb.
  5562 | D:4      | Noticed Dowan
  5562 | D:4      | Noticed Natasha
  5564 | D:4      | Noticed Duvessa
  5631 | D:4      | Killed Duvessa
  5632 | D:4      | Reached skill level 11 in Fighting
  5634 | D:4      | Killed Dowan
  5676 | D:4      | Killed Natasha
  5822 | D:4      | Found a runed translucent gate.
  5823 | D:4      | Found a runed translucent gate.
  5823 | D:4      | Noticed Lobster4's ghost (novice HuWn)
  5823 | D:4      | Identified the +6 whip "Difywn" {vorpal, Drain rN+ MP+9
                  | Dex+3}
  5824 | D:4      | Found a runed translucent gate.
  5830 | D:4      | Found a roughly hewn altar of Beogh.
  5893 | D:4      | Noticed Natasha
  5901 | D:4      | Killed Natasha
  5980 | D:4      | Noticed Natasha
  5992 | D:4      | Killed Natasha
  6153 | D:5      | Entered Level 5 of the Dungeon
  6153 | D:5      | Noticed p00ps00p's ghost (novice HOFi)
  6159 | D:5      | Found a runed translucent gate.
  6159 | D:5      | Found a runed translucent gate.
  6159 | D:5      | Found a runed translucent gate.
  6405 | D:5      | Found a large runed translucent door.
  6405 | D:5      | Found a large runed translucent door.
  6420 | D:5      | Reached XP level 9. HP: 90/90 MP: 9/9
  6422 | D:5      | Found an iron altar of Okawaru.
  6450 | D:5      | Found a large runed translucent door.
  6450 | D:5      | Found a large runed translucent door.
  6490 | D:5      | Reached skill level 12 in Fighting
  6549 | D:5      | Identified the ring of Fun {Ice *Corrode rElec rN+++
                  | Stlth+}
  6679 | D:5      | Reached skill level 13 in Fighting
  6832 | D:5      | Identified the ring "Tiamnurch" {rPois rF- Str+9 SInv}
  6880 | D:5      | Noticed a troll
  6901 | D:5      | Killed a troll
  7267 | D:5      | Reached skill level 14 in Fighting
  7788 | D:6      | Found a sand-covered staircase.
  7789 | D:6      | Noticed Edmund
  7805 | Ossuary  | Entered an ossuary
  8620 | D:6      | Killed Edmund
  9312 | D:6      | Reached XP level 10. HP: 68/103 MP: 10/10
  9460 | D:6      | Noticed a boulder beetle
  9526 | D:7      | Found Deesh's Vocational Training.
  9645 | D:6      | Gained mutation: You have a pair of small horns on your
                  | head. [potion of mutation]
  9645 | D:6      | Gained mutation: Your movements are slightly less
                  | encumbered by armour. (ER -2) [potion of mutation]
  9648 | D:6      | HP: 4/103 [killer bee (7)]
  9649 | D:6      | Slain by a killer bee

Illustrated notes

Levels and vault maps discovered:
D:1:      mrwooster_arrival_statue_3, layout_basic,
          shapermc_ecumenical_altar_petra, kennysheep_flooded_box
D:2:      layout_basic
D:3:      lemuel_castle_with_subvaults [lemuel_castle_interior_carwin_2],
          layout_loops_ring, portal_sewer_entry_a, st_stairs_12,
          uniq_crazy_yiuf_cottage
D:4:      layout_gridville, general_overflow_altar, minmay_temple_entry_hall,
          biasface_ghost_orc_armoury, uniq_duvessa, uniq_natasha, uniq_grinder
D:5:      layout_rooms, okawaru_trees_2, gammafunk_ghost_split,
          grunt_ministairs_3, minmay_fountain_box, minmay_hollow_rounded_squares
D:6:      minmay_cornered_nines, layout_basic, enter_ossuary_3, hex_tiny,
          minivault_26, bh_walls_and_bars, uniq_edmund
D:7:      layout_rooms, nemelex_diamond_rough_becter,
          mainiacjoe_overflow_catwalk_spiral, serial_shops,
          nicolae_shop_statue_plus, kennysheep_pointless_box,
          nicolae_shop_vocational
Temple:   nicolae_temple_bog_church

Skill      XL: |  1  2  3  4  5  6  7  8  9 10 |
---------------+-------------------------------+-----
Axes           | 3 4 5 |  5.0
Fighting       | 4 5 6 8 11 14 | 14.0
Armour         | 4 5 6 7 |  7.0
Shields        | 4 5 6 7 |  7.0

Action                   |  1- 3 |  4- 6 |  7- 9 | 10-12 || total
-------------------------+-------+-------+-------+-------++-------
Melee: War axe           |   105 |   136 |   569 |    24 ||   834
Evoke: Wand              |       |       |     6 |    12 ||    18
  Use: Scroll            |     2 |     4 |    14 |     5 ||    25
       Potion            |       |     1 |     4 |     8 ||    13
 Stab: Distracted        |       |       |     4 |       ||     4
Armor: Scale mail        |    67 |    51 |   194 |    70 ||   382
       Leather armour    |       |       |    49 |       ||    49
Dodge: Dodged            |    67 |    66 |   272 |    61 ||   466
Block: Buckler           |    32 |    41 |   165 |    37 ||   275

Table legend: (Time is in decaauts)
 A = Elapsed time spent in this place.
 B = Non-inter-level travel time spent in this place.
 C = Inter-level travel time spent in this place.
 D = Time resting spent in this place.
 E = Time spent auto-exploring this place.
 F = Levels seen in this place.
 G = Mean time per level.
                   A        B        C        D        E       F      G
               +--------+--------+--------+--------+--------+-----+--------+
         Total |  10090 |   9909 |    181 |   2472 |   4519 |  10 | 1009.0 |
       Dungeon |   7886 |   7742 |    144 |   1902 |   3541 |   7 | 1126.6 |
        Temple |    208 |    171 |     37 |      0 |    155 |   1 |  208.0 |
         Sewer |   1143 |   1143 |      0 |      0 |    754 |   1 | 1143.0 |
       Ossuary |    851 |    851 |      0 |    570 |     68 |   1 |  851.0 |
               +--------+--------+--------+--------+--------+-----+--------+

Top non-repeatable levels by time:
     D:3: 2464 daAuts
     D:5: 1600 daAuts
     D:4: 1160 daAuts
   Sewer: 1143 daAuts
     D:6: 973 daAuts
 Ossuary: 851 daAuts
     D:1: 850 daAuts
     D:2: 723 daAuts
  Temple: 208 daAuts
     D:7: 114 daAuts
